 Dungeon Crawl Stone Soup version 0.29.0-4-gdea44cf6ec (webtiles) character file.

Game seed: 15389489418493964821

21 qw the Chopper (level 2, 0/17 HPs)
             Began as a Tengu Warper on Aug 29, 2022.
             Slain by a gnoll
             ... wielding a +0 whip of holy wrath
              (4 damage)
             ... on level 2 of the Dungeon.
             The game lasted 00:00:05 (887 turns).

qw the Chopper (Tengu Warper)                        Turns: 887, Time: 00:00:05

Health: 0/17       AC:  3    Str: 11    XL:     2   Next: 83%
Magic:  6/6        EV:  7    Int: 13    God:
Gold:   37         SH: 11    Dex: 13    Spells: 5/5 levels left

rFire   . . .      SeeInvis .   Y - +0 war axe
rCold   . . .      Faith    .   a - +0 tower shield
rNeg    . . .      Spirit   .   b - +0 leather armour
rPois   .          Reflect  .   (helmet restricted)
rElec   .          Harm     .   (no cloak)
rCorr   .          Rampage  .   (no gloves)
Will    .....                   (boots unavailable)
Stlth   +.........              (no amulet)
HPRegen 0.05/turn               (no ring)
MPRegen 0.10/turn               (no ring)

@: no status effects
A: beak, talons 3
a: no special abilities


You were on level 2 of the Dungeon.
You visited 1 branch of the dungeon, and saw 2 of its levels.

You collected 37 gold pieces.


Innate Abilities, Weirdness & Mutations

You have a beak for a mouth.
You have claws for feet.


   Skills:
 - Level 2.0 Fighting
 - Level 3.1 Axes
 - Level 1.0 Throwing
 - Level 1.1 Armour
 - Level 2.1 Dodging
 + Level 1.2 Shields
 - Level 2.0 Spellcasting
 - Level 2.4 Translocations


You had 5 spell levels left.
You didn't know any spells.
Your spell library contained the following spells:

 Spells                   Type           Power      Damage    Failure   Level
 Blink                    Tloc           14%        N/A       97%         2
 Gell's Gravitas          Tloc           7%         N/A       99%         3
 Lesser Beckoning         Tloc           7%         N/A       99%         3
 Teleport Other           Tloc           7%         N/A       99%         3
 Manifold Assault         Tloc           7%         N/A       100%        5

Inventory:

Hand Weapons
 d - a +0 whip
 Y - a +0 war axe (weapon)
Armour
 a - a +0 tower shield (worn)
 b - a +0 leather armour (worn)
Potions
 h - a potion of lignification {unknown}

Dungeon Overview and Level Annotations

Branches:
Dungeon (2/15)

Altars:


Message History

There is a stone staircase leading down here.
You climb downwards.
Found 2 throwing nets.
Found an escape hatch in the floor.
There is a stone staircase leading up here.
Existing waypoints: (2) D:1 Assign waypoint to what number? (0-9, D - delete waypoint) Waypoint 1 assigned to D:2.
There is an escape hatch in the floor here.
Found a stone staircase leading down.
There is a stone staircase leading down here.
You now have 37 gold pieces (gained 12).
A gnoll comes into view. It is wielding a +0 flail.
The gnoll shouts!
You hear a shout! x2
A gnoll comes into view. It is wielding a +0 whip of holy wrath.
You hit the gnoll but do no damage. You claw the gnoll!
The gnoll is severely wounded.
The gnoll completely misses you.
You barely miss the gnoll.
The gnoll is severely wounded.
You block the gnoll's attack. The gnoll hits you with a +0 flail.
A kobold comes into view. It is wielding a +0 whip.
You hit the gnoll. Your peck misses the gnoll.
The gnoll is severely wounded.
The gnoll hits you with a +0 flail. The gnoll closely misses you.
You hit the gnoll. You claw the gnoll.
You kill the gnoll!
The kobold hits you with a +0 whip.
Your Shields skill increases to level 1!
You barely miss the kobold. Your kick misses the kobold.
You block the kobold's attack.
You miss the kobold. Your kick misses the kobold.
You block the kobold's attack. x2
You closely miss the kobold. You claw the kobold.
You kill the kobold!
The gnoll hits you with a +0 whip of holy wrath.
You slash the gnoll!
The gnoll is severely wounded.
The gnoll hits you with a +0 whip of holy wrath.
You die...

.....#...##...####
#................
#.#.#.#>#.....##
#.....#>.##.#
#.#<###..#
#..........#
......###.#.##
##.##. #.#.# # # #
#@# #g# ..# .###
.. ##


You could see a gnoll.

Vanquished Creatures
  A gnoll (D:2)
  An endoplasm (D:1)
  2 giant cockroaches (D:1)
  A goblin (D:1)
  2 ball pythons (D:1)
  2 frilled lizards (D:1)
  4 kobolds
13 creatures vanquished.

Notes
Turn   | Place    | Note
-------+----------+-------------------------------------------
     0 | D:1      | qw the Tengu Warper began the quest for the Orb.
     0 | D:1      | Reached XP level 1. HP: 12/12 MP: 4/4
     0 | D:1      | 0 ||| qw: Version: 0.1-a-89-g26bdef1
     0 | D:1      | 0 ||| qw: Game counter: 3437
     0 | D:1      | 0 ||| qw: Always use a shield: true
     0 | D:1      | 0 ||| qw: God list: Okawaru
     0 | D:1      | 0 ||| qw: Allow faded altars: false
     0 | D:1      | 0 ||| qw: Do Orc after D:15 true
     0 | D:1      | 0 ||| qw: Do second Lair branch before Depths: true
     0 | D:1      | 0 ||| qw: Lair rune preference: random
     0 | D:1      | 0 ||| qw: Plans: Normal
     0 | D:1      | 0 ||| PLANNING D:1-11
   165 | D:1      | Found a faded altar of an unknown god.
   216 | D:1      | 216 ||| Stepping ~*~*~tactically~*~*~ (stealth).
   234 | D:1      | 234 ||| Stepping ~*~*~tactically~*~*~ (stealth).
   308 | D:1      | 308 ||| Stepping ~*~*~tactically~*~*~ (stealth).
   310 | D:1      | 310 ||| Stepping ~*~*~tactically~*~*~ (stealth).
   325 | D:1      | Reached XP level 2. HP: 17/17 MP: 6/6
   329 | D:1      | 329 ||| DROPPING +0 club.
   365 | D:1      | 365 ||| SWAPPING to +0 war axe.
   366 | D:1      | 366 ||| DROPPING +0 hand axe.
   389 | D:1      | Reached skill level 3 in Axes
   743 | D:1      | 743 ||| UPGRADING to +0 tower shield.
   748 | D:1      | 748 ||| READING scroll labelled FUIZOM LUELES.
   749 | D:1      | 749 ||| DRINKING 2 smoky coppery potions.
   850 | D:1      | 850 ||| DROPPING scroll of blinking.
   851 | D:1      | 851 ||| DROPPING potion of ambrosia.
   884 | D:2      | Reached skill level 1 in Shields
   886 | D:2      | HP: 4/17 [gnoll/+0 whip of holy wrath (2)]
   887 | D:2      | Slain by a gnoll

Levels and vault maps discovered:
D:1:      lemuel_arrival_muddy, layout_basic, chequers_ecumenical_altar_island
D:2:      layout_loops_ring, minmay_tetromino_i2, uniq_robin

Skill      XL: |  1  2 |
---------------+-------+-----
Axes           | 3 |  3.1
Shields        | 1 |  1.2
Fighting       | |  2.0
Throwing       | |  1.0
Armour         | |  1.1
Dodging        | |  2.1
Spellcasting   | |  2.0
Translocations | |  2.4

Action                   || total
-------------------------++-------
Melee: Hand axe          ||    15
       Kick              ||     8
       Peck              ||     2
       War axe           ||    16
Throw: Boomerang         ||     7
  Use: Scroll            ||     1
       Potion            ||     1
Armor: Leather armour    ||     9
Dodge: Dodged            ||    10
Block: Tower shield      ||     4

Table legend:
 A = Non-vault XP
 B = Vault XP
 C = Vault XP percentage of total XP
 D = Non-vault monster count
 E = Vault monster count
 F = Vault count percentage of total count
                 A         B        C        D         E       F
            +---------+---------+-------+---------+---------+-------
      Total |      30 |       0 |   0.0 |      13 |       0 |   0.0
            +---------+---------+-------+---------+---------+-------
        D:1 |      15 |       0 |   0.0 |      11 |       0 |   0.0
        D:2 |      15 |       0 |   0.0 |       2 |       0 |   0.0
            +---------+---------+-------+---------+---------+-------
